 Dungeon Crawl Stone Soup version 0.32-a0-540-g866d13106e (webtiles) character file.

Game seed: 9826028166469323388

16 jasper the Chopper (level 2, 0/26 HPs)
             Began as a Mountain Dwarf Fighter on Feb 28, 2024.
             Slain by Natasha (4 damage)
             ... on level 2 of the Dungeon.
             The game lasted 00:02:19 (842 turns).

jasper the Chopper (Mountain Dwarf Fighter)          Turns: 842, Time: 00:02:20

Health: 0/26       AC:  6    Str: 18    XL:     2   Next: 41%
Magic:  2/2        EV:  9    Int:  8    God:
Gold:   54         SH:  4    Dex:  9    Spells: 1/1 levels left

rFire   . . .        a - +0 war axe
rCold   . . .        c - +0 buckler
rNeg    . . .        b - +0 scale mail
rPois   .            (no helmet)
rElec   .            (no cloak)
rCorr   .            (no gloves)
SInv    .            (no boots)
Will    .....        (no amulet) Stlth
                     (no ring)
HPRegen 0.24/turn    (no ring)
MPRegen 0.08/turn

%: no passive effects
@: mighty, slowed, very slow
A: runic magic, artefact enchanting
a: no special abilities


You were on level 2 of the Dungeon.
You visited 1 branch of the dungeon, and saw 3 of its levels.

You collected 54 gold pieces.

Inventory:

Hand Weapons
 a - a +0 war axe (weapon)
 k - a +0 flail
Missiles
 g - 4 stones (quivered)
 h - 5 atropa-tipped darts
Armour
 b - a +0 scale mail (worn)
 c - a +0 buckler (worn)
Scrolls
 e - a scroll of identify {unknown}
 f - a scroll of brand weapon {unknown}
 i - a scroll of immolation {unknown}
Potions
 j - a potion of curing {unknown}


   Skills:
 - Level 3.2 Fighting
 + Level 3.8 Axes
 - Level 3.2 Armour
 - Level 3.2 Shields


You had one spell level left.
You didn't know any spells.
Your spell library was empty.

Dungeon Overview and Level Annotations

Branches:
Dungeon (3/15)

Altars:

Annotations:
D:2 Natasha


Innate Abilities, Weirdness & Mutations

Your spellcasting is much less encumbered by armour.
You can use scrolls of enchantment on lesser artefacts.


Message History

You take 1 damage, and have 22/26 hp.
You slash the orc!
You kill the orc!
You start resting.
HP restored.
Health restored: 26 You see here a +0 whip.
There is a stone staircase leading up here.
You climb upwards.
Natasha hisses angrily.
Natasha claws you.
There is a stone staircase leading down here.
You take 3 damage, and have 23/26 hp.
Press: ? - help, v - describe, . - travel
Here: Natasha The floor.
Unknown command.
You closely miss Natasha. Natasha claws you.
You take 6 damage, and have 17/26 hp.
MASSIVE DAMAGE!!
You closely miss Natasha. Natasha barely misses you.
Natasha wildly gestures.
Natasha's front paws start to glow.
Natasha casts a spell at you.
You feel yourself slow down.
You barely miss Natasha. Natasha claws you! Natasha claws you.
You take 9 damage, and have 8/26 hp.
MASSIVE DAMAGE!!
You feel very mighty all of a sudden. Natasha claws you but does no damage.
You closely miss Natasha. Natasha claws you.
* * * LOW HITPOINT WARNING * * *
Natasha claws you but does no damage.
You take 5 damage, and have 3/26 hp.
You barely miss Natasha.
Natasha mumbles some strange words.
Natasha glows brightly for a moment.
Natasha casts a spell.
Natasha claws you but does no damage.
You barely miss Natasha. You slash the cerulean imp! Natasha claws you.
You die...
Natasha curls up and begins to purr.

.#..#
...#
....
...#
##..#
...
#5#
#@#
.....
#h#
.....
#.#
.....
..#
.....
###
.....
.....
.....
.....


You could see Natasha and a cerulean imp (summoned).

Vanquished Creatures
  A dart slug (D:2)
  4 orcs
  A bat (D:2)
  2 hobgoblins
  A ball python (D:1)
  A rat (D:2)
10 creatures vanquished.

Notes
Turn   | Place    | Note
-------+----------+-------------------------------------------
     0 | D:1      | jasper the Mountain Dwarf Fighter began the quest for the
                  | Orb.
     0 | D:1      | Reached XP level 1. HP: 19/19 MP: 1/1
   688 | D:2      | Reached XP level 2. HP: 26/26 MP: 2/2
   835 | D:2      | Noticed Natasha
   842 | D:2      | Slain by Natasha

Illustrated notes

Levels and vault maps discovered:
D:1:      dpeg_arrival_circle_labyrinth_c, layout_rooms, minivault_14,
          nicolae_concentric_dashed_squares_wild
D:2:      layout_loops_cross, uniq_natasha
D:3:      layout_basic, shapermc_ecumenical_altar_venn

Skill      XL: |  1 |
---------------+----+-----
Axes           | 3 |  3.8
Fighting       | |  3.2
Armour         | |  3.2
Shields        | |  3.2

Action                     || total
---------------------------++-------
  Melee: War axe           ||    43
    Use: Potion            ||     1
 Armour: Scale mail        ||    23
  Dodge: Dodged            ||    19
  Block: Buckler           ||     7

Table legend: (Time is in decaauts)
 A = Elapsed time spent in this place.
 B = Non-inter-level travel time spent in this place.
 C = Inter-level travel time spent in this place.
 D = Time resting spent in this place.
 E = Time spent auto-exploring this place.
 F = Levels seen in this place.
 G = Mean time per level.
                   A        B        C        D        E       F      G
               +--------+--------+--------+--------+--------+-----+--------+
         Total |    860 |    763 |     97 |    179 |    420 |   3 |  286.7 |
       Dungeon |    860 |    763 |     97 |    179 |    420 |   3 |  286.7 |
               +--------+--------+--------+--------+--------+-----+--------+

Top non-repeatable levels by time:
     D:1: 603 daAuts
     D:2: 139 daAuts
     D:3: 118 daAuts
